 Dungeon Crawl Stone Soup version 0.32-a0-818-gb728d0252e (webtiles) character file.

Game seed: 11399451929013176488

329156 jt the Slayer (level 21, -2/190 HPs)
             Began as a Coglin Gladiator on Mar 24, 2024.
             Was a High Priest of Uskayaw.
             Slain by a +2 heavy halberd (17 damage)
             ... on level 2 of the Elven Halls on Mar 26, 2024.
             The game lasted 02:08:21 (34422 turns).

jt the Slayer (Coglin Gladiator)                   Turns: 34422, Time: 02:08:22

Health: -2/190     AC: 29    Str: 26    XL:     21   Next: 59%
Magic:  33/33      EV: 10    Int: 17    God:    Uskayaw [*****.]
Gold:   1791       SH:  0    Dex: 17    Spells: 16/20 levels left

rFire   + + .        j - +8 war axe of Shrieking Terror {flame, rF++ rCorr}
rCold   + . .        w - +6 hand axe of Wounding {heavy, rN+ Str+3 Int+3 SInv}
rNeg    + . .        A - +3 plate armour {Will+}
rPois   .            C - +2 helmet
rElec   +            K - scarf {repulsion}
rCorr   +            V - +2 pair of gloves {Dex+3}
SInv    +            g - +2 pair of boots {Stlth+}
Will    ++...        (amulet unavailable) Stlth
                     (ring unavailable)
HPRegen 1.31/turn    (ring unavailable)
MPRegen 0.63/turn    h
                       - N-50 turbomodule {rElec rC+ Regen+ RegenMP+}

%: repel missiles
@: on fire, marked, glowing, studying Armour, revved
A: off-hand wielding, slow wielding, warmup strikes, no jewellery, clever 1,
persistent drain
}: 1/15 runes: barnacled
a: Renounce Religion, Stomp, Line Pass, Grand Finale


You were on level 2 of the Elven Halls.
You worshipped Uskayaw.
Uskayaw was most pleased with you.
You visited 7 branches of the dungeon, and saw 35 of its levels.
You visited 1 bazaar.
You also visited: Gauntlet and Ice Cave.

You collected 3977 gold pieces.
You spent 2186 gold pieces at shops.

Inventory:

Hand Weapons
 c - a +2 demon trident of venom
 j - the +8 war axe of Shrieking Terror (weapon) {flame, rF++ rCorr}
   (You took it off a deep elf elementalist on level 3 of the Elven Halls)

   rF++:      It greatly protects you from fire.
   rCorr:     It protects you from acid and corrosion.
 p - the +9 war axe of Ystiosiyh {drain, *Slow rElec Will- Str+9}
   (You took it off an orc on level 10 of the Dungeon)

   Str+9:     It affects your strength (+9).
   rElec:     It insulates you from electricity.
   Will-:     It decreases your willpower.
   *Slow:     It may slow you when you take damage.
 v - the +2 war axe "Earthworm" {vamp, *Noise rF++ rC+ rCorr}
   (You took it off a merfolk impaler on level 4 of the Shoals)

   rF++:      It greatly protects you from fire.
   rC+:       It protects you from cold.
   *Noise:    It may make a loud noise when swung.
   rCorr:     It protects you from acid and corrosion.
 w - the +6 hand axe of Wounding (offhand) {heavy, rN+ Str+3 Int+3 SInv}
   (You found it on level 3 of the Elven Halls)

   Str+3:     It affects your strength (+3).
   Int+3:     It affects your intelligence (+3).
   rN+:       It protects you from negative energy.
   SInv:      It lets you see invisible.
Missiles
 d - 4 throwing nets
 e - 11 javelins
 i - 15 silver javelins
 y - 3 curare-tipped darts
 Q - 26 boomerangs
 U - 44 poisoned darts (quivered)
Armour
 g - a +2 pair of boots of stealth (worn)
 A - a +3 plate armour of willpower (worn)
 C - a +2 helmet (worn)
 G - a +1 helmet of intelligence
 K - a scarf of repulsion (worn)
 V - a +2 pair of gloves of dexterity (worn)
 X - a +1 cloak of preservation
Gizmo
 h - a N-50 turbomodule (installed) {rElec rC+ Regen+ RegenMP+}
   (You invented it yourself on level 5 of the Lair of Beasts)

   [N-50 turbomodule]

   rC+:       It protects you from cold.
   rElec:     It insulates you from electricity.
   Regen+:    It increases your rate of health regeneration.
   RegenMP+:  It increases your rate of magic regeneration.
Wands
 n - a wand of flame (60)
 z - a wand of digging (11)
 B - a wand of mindburst (17)
 D - a wand of paralysis (25)
 H - a wand of polymorph (9)
 S - a wand of warping (42)
 Y - a wand of acid (12)
Scrolls
 k - 9 scrolls of teleportation
 m - 2 scrolls of poison
 r - 4 scrolls of immolation
 t - a scroll of amnesia
 u - 9 scrolls of vulnerability
 E - 2 scrolls of revelation
 L - 4 scrolls of identify
 M - 6 scrolls of fog
 P - 2 scrolls of silence
 W - 8 scrolls of fear
Potions
 a - 2 potions of cancellation
 f - 2 potions of resistance
 q - 4 potions of mutation
 s - a potion of haste
 x - 2 potions of berserk rage
 F - 3 potions of ambrosia
 I - 6 potions of might
 J - 6 potions of enlightenment
 N - 3 potions of heal wounds
 R - 12 potions of curing
 T - a potion of magic
Miscellaneous
 b - a tin of tremorstones (1/2)
 l - a phial of floods
 o - a box of beasts (inert)
 O - a lightning rod (4/4)


   Skills:
 + Level 22.4 Fighting
 - Level 18.0 Axes
 - Level 6.0 Throwing
 + Level 13.3 Armour
 + Level 6.9 Dodging
 - Level 5.0 Stealth
 + Level 17.8 Invocations
 - Level 5.0 Evocations


You had 16 spell levels left.
You knew the following spells:

 Your Spells              Type           Power      Damage    Failure   Level
a - Blink                 Tloc           0%         N/A       95%         2
b - Lesser Beckoning      Tloc           0%         N/A       95%         2

Your spell library contained the following spells:

 Spells                   Type           Power      Damage    Failure   Level
 Magic Dart               Conj           0%         1d3       87%         1
 Sting                    Conj/Alch      0%         1d3       87%         1
 Summon Small Mammal      Summ           0%         N/A       87%         1
 Call Imp                 Summ           0%         N/A       95%         2
 Ensorcelled Hibernation  Hex/Ice        0%         N/A       95%         2
 Momentum Strike          Conj/Tloc      0%         3d8       95%         2
 Searing Ray              Conj           0%         2d4       95%         2
 Static Discharge         Conj/Air       0%         3-3/arc   95%         2
 Sublimation of Blood     Necr           0%         N/A       95%         2
 Call Canine Familiar     Summ           0%         N/A       99%         3
 Dazzling Flash           Conj/Hex       0%         N/A       99%         3
 Fugue of the Fallen      Necr           0%         N/A       99%         3
 Hailstorm                Conj/Ice       0%         3d5       99%         3
 Inner Flame              Hex/Fire       0%         N/A       99%         3
 Mephitic Cloud           Conj/Alch/Air  0%         N/A       99%         3
 Stone Arrow              Conj/Erth      0%         3d7       99%         3
 Summon Ice Beast         Ice/Summ       0%         N/A       99%         3
 Volatile Blastmotes      Fire/Tloc      0%         2d10      99%         3
 Airstrike                Air            0%         2d(0-16)  100%        4
 Anguish                  Hex/Necr       0%         N/A       100%        4
 Brom's Barrelling Bould  Conj/Erth      0%         2d3       100%        4
 Cause Fear               Hex            0%         N/A       100%        4
 Fulminant Prism          Conj/Alch      0%         3d5       100%        4
 Ignite Poison            Fire/Alch      0%         N/A       100%        4
 Iskenderun's Mystic Bla  Conj/Tloc      0%         2d3       100%        4
 Manifold Assault         Tloc           0%         N/A       100%        4
 Passage of Golubria      Tloc           0%         N/A       100%        4
 Sticky Flame             Fire/Alch      0%         2d4       100%        4
 Summon Blazeheart Golem  Fire/Summ      0%         N/A       100%        4
 Summon Lightning Spire   Summ/Air       0%         N/A       100%        4
 Curse of Agony           Necr           0%         N/A       100%        5
 Fireball                 Conj/Fire      0%         3d3       100%        5
 Freezing Cloud           Conj/Ice/Air   0%         6-21      100%        5
 Irradiate                Conj/Alch      0%         3d11      100%        5
 Iskenderun's Battlesphe  Conj           0%         2d6       100%        5
 Silence                  Hex/Air        0%         N/A       100%        5
 Conjure Ball Lightning   Conj/Air       0%         3x3d6     100%        6
 Dispersal                Tloc           0%         N/A       100%        6
 Permafrost Eruption      Ice/Erth       0%         2x4d2     100%        6
 Sculpt Simulacrum        Ice/Alch       0%         N/A       100%        6
 Enfeeble                 Hex            0%         N/A       100%        7
 Haunt                    Necr/Summ      0%         N/A       100%        7
 Orb of Destruction       Conj           0%         9d5       100%        7
 Spellforged Servitor     Conj/Summ      0%         N/A       100%        7
 Summon Hydra             Summ           0%         N/A       100%        7
 Borgnjor's Revivificati  Necr           0%         N/A       100%        8
 Disjunction              Tloc           0%         N/A       100%        8
 Ignition                 Fire           0%         3d3       100%        8
 Lehudib's Crystal Spear  Conj/Erth      0%         10d2      100%        8
 Death's Door             Necr           0%         N/A       100%        9


Dungeon Overview and Level Annotations

Branches:
Dungeon (15/15)            Temple (1/1) D:6            Lair (5/5) D:9
 Shoals (4/4) Lair:2       Spider (0/4) Lair:3        Slime (0/5) Lair:5
    Orc (2/2) D:11            Elf (3/3) Orc:2        Vaults (5/5) D:13
  Crypt (0/3) Vaults:2     Depths (0/4) D:15          IceCv (visited)
Gauntlet (visited)

Altars:
Ashenzari
Cheibriados
Elyvilon
Fedhas
Gozag
Hepliaklqana
Kikubaaqudgha
Makhleb
Nemelex Xobeh
Okawaru
Qazlal
Ru
Sif Muna
Trog
Uskayaw
Vehumet
Wu Jian
Xom
Yredelemnul
Zin
The Shining One
Beogh
Jiyva

Shops:
D:2 ::(*:   D:5 ((:!   D:6 (   D:14 *   Orc:2 ([=*   Elf:2 (*   Elf:3 !
Vaults:2 =

Portals:
Trove: Elf:3 (give 14 scrolls of teleportation)

Annotations:
D:12 3 runed translucent doors, Lanoc's ghost, journeyman TrSh
Lair:5 exclusion: 4 oklob plants
Vaults:5 Frederick


Innate Abilities, Weirdness & Mutations

You can wield a second weapon in your off-hand.
It takes a long time for you to wield or remove held weapons.
Your first few attacks do less damage.
You cannot equip rings or amulets.
Your mind is acute. (Int +4, Str/Dex -1)
Your health recovers twice as slowly from being drained.


Message History

The +1 heavy battleaxe hits you!!
The +2 bardiche of electrocution hits you!
Unknown command.
You closely miss the +2 bardiche of electrocution with the +8 war axe of Shrieking Terror.
The +2 bardiche of electrocution is moderately damaged.
You hit the +1 heavy battleaxe with the +8 war axe of Shrieking Terror.
You hit the +2 heavy halberd but do no damage.
You hit the +2 bardiche of electrocution but do no damage.
You miss the +2 heavy halberd with the +6 hand axe of Wounding.
You barely miss the +1 heavy battleaxe with the +6 hand axe of Wounding.
The liquid fire burns you!
The +2 bardiche of electrocution misses you.
The +2 heavy halberd hits you but does no damage.
The +1 heavy battleaxe hits you.
You shake off some of the fire as you move.
The liquid fire burns you!
The +2 bardiche of electrocution hits you from afar!!
* * * LOW HITPOINT WARNING * * *
The +2 heavy halberd hits you from afar.
* * * LOW HITPOINT WARNING * * *
The +1 heavy battleaxe hits you!
* * * LOW HITPOINT WARNING * * *
You see here a +2 short sword of holy wrath.
Okay, then.
Okay, then.
Okay, then.
Press: ? - help, v - describe, . - travel
Here: a +2 heavy halberd (lightly damaged)
The floor.
You feel much better. The liquid fire burns you!
* * * LOW HITPOINT WARNING * * *
The deep elf zephyrmancer points at you and mumbles some strange words.
The bolt of lightning hits you. You resist.
* * * LOW HITPOINT WARNING * * *
The +2 bardiche of electrocution hits you from afar!!
* * * LOW HITPOINT WARNING * * *
The +2 heavy halberd hits you from afar!
You die...
Your body falls in perfect tune with the rhythm.

. .. ##......... .. ...
#.......... ...
...###........... ....
....#............. .....
........e.......... .....
.........................
.%?...(..................
......()@................
.......(.................
....#....................
... ##...................
. #.......).....#.....
##.....).....# #....
#..........## ##...
#............###....
#...........)..#.....


You could see a deep elf zephyrmancer and 3 dancing weapons.

Vanquished Creatures
  Margery (Vaults:2)
  Jory (Vaults:2)
  Nikola (Elf:3)
  Zenata (Vaults:3)
  A quicksilver dragon (Vaults:5)
  2 deep elf master archers (Elf:3)
  A searing wretch (Vaults:2)
  5 sphinxes
  3 deep elf blademasters
  Frances (D:13)
  Kirke (D:15)
  2 tengu reavers
  A storm dragon (Shoals:4)
  A fire giant (Vaults:4)
  2 deep elf sorcerers (Elf:3)
  16 vault wardens
  Louise (D:15)
  2 frost giants
  5 deep elf elementalists (Elf:3)
  A very ugly thing (D:15)
  16 ironbound preservers
  8 orc warlords
  3 stone giants
  3 formless jellyfish
  7 ironbound thunderhulks
  7 deep elf demonologists
  3 deep elf death magi (Elf:3)
  3 dire elephants
  A war gargoyle (Vaults:1)
  6 deep elf annihilators
  A minotaur (Gauntlet)
  Azrael (D:15)
  3 ettins
  3 merfolk javelineers (Shoals:4)
  7 merfolk impalers (Shoals:4)
  Josephine (Lair:4)
  5 deep elf high priests
  An entropy weaver (Vaults:2)
  4 hydras
  4 yaktaur captains
  2 great orbs of eyes
  The ghost of Tenar the Slicer, a journeyman CoBe of Trog (D:10)
  3 ogre magi
  2 merfolk avatars
  47 vault guards
  8 centaur warriors
  A catoblepas (Gauntlet)
  6 merfolk aquamancers (Shoals:4)
  The ghost of MagicSucks the Skirmisher, a novice NaWr of Yredelemnul (D:9)
  17 ironbound frosthearts
  A two-headed ogre (shapeshifter) (Elf:3)
  2 alligator snapping turtles (Shoals:4)
  21 dancing weapons
  3 boulder beetles
  3 two-headed ogres
  A tengu warrior (D:14)
  18 death yaks
  2 orc high priests (Orc:2)
  A hell knight (Vaults:2)
  Sonja (D:13)
  12 deep elf knights
  3 skysharks
  A glowing orange brain (shapeshifter) (Vaults:4)
  6 sea snakes
  A deep troll (shapeshifter) (Vaults:3)
  8 arcanists
  Lodul (D:13)
  A glowing orange brain (Vaults:4)
  2 lindwurms
  A steelbarb worm (shapeshifter) (Vaults:4)
  27 deep trolls
  20 ironbound convokers
  6 deep elf archers
  2 phantasmal warriors
  5 thermic dynamos
  7 harpies
  2 necromancers (Vaults:2)
  16 deep elf zephyrmancers
  19 deep elf pyromancers
  A wolf spider (D:15)
  An obsidian bat (Orc:2)
  29 orc knights
  An orc sorcerer (Orc:2)
  Pikel (D:9)
  6 fauns
  26 ugly things
  10 manticores
  32 elephants
  4 merfolk sirens
  6 cyclopes
  A kobold blastminer (Orc:2)
  2 black mambas
  22 vault sentinels
  An ice statue (IceCv)
  9 water nymphs (Shoals:4)
  9 cane toads
  A molten gargoyle (Gauntlet)
  A torpor snail (Gauntlet)
  3 gargoyles
  8 rime drakes
  A cane toad (shapeshifter) (Elf:2)
  Jeremiah (D:6)
  3 kobold demonologists (D:9)
  21 yaktaurs
  A minotaur zombie (Gauntlet)
  5 komodo dragons
  A tengu conjurer (D:14)
  6 polar bears
  8 trolls
  8 merfolk (Shoals:4)
  3 hornets (Lair:5)
  18 blink frogs
  2 snapping turtles
  5 wind drakes
  15 dream sheep
  Sigmund (D:5)
  27 slime creatures
  2 shadows
  6 wyverns
  24 water elementals
  8 air elementals
  2 fire elementals (D:15)
  3 vampires
  12 spriggans
  2 basilisks (Lair:2)
  10 wraiths
  53 yaks
  A warg (Orc:2)
  Menkaure (D:5)
  2 steam dragons
  5 hogs (D:15)
  2 redbacks (Vaults:2)
  10 vampire mosquitoes
  An acid dragon (D:12)
  5 hell hounds (D:15)
  22 water moccasins
  36 orc warriors
  2 sky beasts
  An ettin simulacrum (Vaults:1)
  An ice beast (D:6)
  7 black bears
  40 wolves
  15 ogres
  6 boggarts
  18 centaurs
  2 phantoms
  10 kobold brigands
  10 bullfrogs
  2 gnoll sergeants
  7 scorpions
  3 wights (D:9)
  4 killer bees (D:9)
  4 howler monkeys
  2 oklob saplings (D:8)
  An electric eel (D:7)
  4 hounds
  4 jellies
  17 orc priests
  3 gnoll boudas
  Crazy Yiuf (D:5)
  An iguana (D:6)
  2 sleepcaps
  20 orc wizards
  7 hell rats (Lair:4)
  20 gnolls
  11 adders
  2 shadow imps
  An ufetubus (D:6)
  A dart slug (D:3)
  73 orcs
  14 ball pythons
  4 endoplasms
  4 goblins
  7 hobgoblins
  7 jackals
  2 quokkas
  5 bats
  2 frilled lizards
  14 kobolds
  A rat (D:3)
  A spectral weapon (Vaults:3)
1287 creatures vanquished.

Vanquished Creatures (collateral kills)
  A deep elf death mage (Elf:3)
  An orc sorcerer (Orc:2)
  2 orc wizards (Orc:2)
4 creatures vanquished.

Vanquished Creatures (others)
  A deep elf zephyrmancer (Elf:2)
1 creature vanquished.

Grand Total: 1292 creatures vanquished

Notes
Turn   | Place    | Note
-------+----------+-------------------------------------------
     0 | D:1      | jt the Coglin Gladiator began the quest for the Orb.
     0 | D:1      | Reached XP level 1. HP: 16/16 MP: 1/1
    42 | D:1      | Reached skill level 1 in Stealth
    45 | D:1      | Reached XP level 2. HP: 7/22 MP: 2/2
   305 | D:1      | Found a faded altar of an unknown god.
   309 | D:1      | Prayed at the altar of an unknown god.
   309 | D:1      | Became a worshipper of Uskayaw the Reveller
   309 | D:1      | Reached * piety under Uskayaw
   744 | D:2      | Found Zoixtal's Book Emporium.
   754 | D:2      | Reached ** piety under Uskayaw
   762 | D:2      | Found Sicooshenn's Book Shoppe.
   865 | D:2      | Found Xaomenge's Weapon Shop.
   876 | D:2      | Found Tuhumm's General Store.
   882 | D:2      | Bought a scroll of teleportation for 33 gold pieces
   940 | D:2      | Reached XP level 3. HP: 27/27 MP: 3/3
  1082 | D:2      | Found Joiseewk's Book Emporium.
  1940 | D:3      | Found a burning altar of Makhleb.
  2054 | D:3      | Found a shimmering altar of Xom.
  2059 | D:3      | Found a bloodstained altar of Trog.
  2211 | D:4      | Reached XP level 4. HP: 28/34 MP: 4/4
  2263 | D:4      | Noticed a scorpion
  2279 | D:4      | Killed a scorpion
  2279 | D:4      | Reached *** piety under Uskayaw
  2280 | D:4      | Reached XP level 5. HP: 37/40 MP: 5/5
  2308 | D:4      | Reached skill level 3 in Fighting
  2308 | D:4      | Reached skill level 1 in Armour
  2746 | D:5      | Entered Level 5 of the Dungeon
  2746 | D:5      | Noticed Menkaure
  2749 | D:5      | Reached XP level 6. HP: 39/47 MP: 6/6
  2752 | D:4      | Reached skill level 5 in Axes
  2869 | D:5      | Killed Menkaure
  2872 | D:5      | Reached **** piety under Uskayaw
  2873 | D:5      | Reached skill level 1 in Invocations
  2873 | D:5      | Reached XP level 7. HP: 38/53 MP: 7/7
  2877 | D:5      | Reached ***** piety under Uskayaw
  2880 | D:5      | Reached skill level 4 in Fighting
  2894 | D:4      | Gained mutation: You have hidden genetic defects. [potion
                  | of mutation]
  2894 | D:4      | Gained mutation: You are robust. (+10% HP) [potion of
                  | mutation]
  3128 | D:2      | Bought a scroll of summoning for 104 gold pieces
  3251 | D:5      | Found Buagianalo's Weapon Shoppe.
  3257 | D:5      | Noticed Sigmund
  3267 | D:5      | Killed Sigmund
  3270 | D:5      | Gained mutation: You are vulnerable to heat. (rF-) [hidden
                  | defects]
  3321 | D:5      | Found Nam Ympi's Book Boutique.
  3366 | D:5      | Found Nim Tegu's Weapon Shop.
  3414 | D:5      | Found a radiant altar of Vehumet.
  3437 | D:5      | Reached XP level 8. HP: 53/67 MP: 9/9
  3447 | D:5      | Gained mutation: Your body sometimes deteriorates upon
                  | taking damage. [hidden defects]
  3447 | D:5      | Lost mutation: You have hidden genetic defects. [hidden
                  | defects expressed]
  3527 | D:5      | Found a runed translucent door.
  3528 | D:5      | Noticed Crazy Yiuf
  3534 | D:5      | Killed Crazy Yiuf
  3537 | D:5      | Identified the +7 hammer "Retuq" {flame, *Slow Dex+5}
  3690 | D:5      | Found Fopasmia's Distillery.
  3734 | D:5      | You fall into a shaft and drop 2 floors!
  3879 | D:6      | Noticed Jeremiah
  3906 | D:6      | Killed Jeremiah
  3907 | D:6      | Reached skill level 5 in Fighting
  3907 | D:6      | Reached skill level 1 in Evocations
  3942 | D:6      | Reached XP level 9. HP: 53/74 MP: 11/11
  4157 | D:6      | Found a staircase to the Ecumenical Temple.
  4169 | Temple   | Entered the Ecumenical Temple
  4232 | D:6      | Found an ancient bone altar of Kikubaaqudgha.
  4232 | D:6      | Found a stormy altar of Qazlal.
  4424 | D:6      | Found Deastrebu's Antique Weapon Boutique.
  4579 | D:6      | Found an iron altar of Okawaru.
  4921 | D:7      | Lost mutation: Your body sometimes deteriorates upon taking
                  | damage. [potion of mutation]
  4921 | D:7      | Lost mutation: You are robust. (+10% HP) [potion of
                  | mutation]
  4921 | D:7      | Lost mutation: You are vulnerable to heat. (rF-) [potion of
                  | mutation]
  4921 | D:7      | Gained mutation: Your mind is acute. (Int +4, Str/Dex -1)
                  | [potion of mutation]
  5192 | D:7      | Noticed a troll
  5199 | D:7      | Killed a troll
  5200 | D:7      | Reached skill level 6 in Fighting
  5665 | D:7      | Reached skill level 5 in Armour
  5671 | D:7      | Noticed a deep elf pyromancer
  5671 | D:7      | Noticed a manticore
  5673 | D:7      | Noticed a manticore
  5673 | D:7      | Noticed a troll
  5673 | D:7      | Noticed a komodo dragon
  5677 | D:7      | Killed a komodo dragon
  5677 | D:7      | Killed a troll
  5677 | D:7      | Killed a manticore
  5677 | D:7      | Killed a manticore
  5678 | D:7      | Reached skill level 7 in Fighting
  5678 | D:7      | Reached skill level 10 in Axes
  5678 | D:7      | Reached skill level 5 in Invocations
  5678 | D:7      | Reached XP level 10. HP: 51/79 MP: 13/13
  5681 | D:7      | Identified the staff "Jizouka" {*Slow rN+ Dex+5 Necro}
  5682 | D:7      | Killed a deep elf pyromancer
  5782 | D:7      | Identified the ring of Eternal Harmony {AC+4 Int+7}
  5793 | D:7      | Identified the staff of the Heavens {rPois Will+ Earth}
  6174 | D:8      | Found a basalt altar of Yredelemnul.
  6409 | D:9      | Noticed a two-headed ogre
  6411 | D:9      | Noticed a two-headed ogre
  6421 | D:9      | Killed a two-headed ogre
  6422 | D:9      | Killed a two-headed ogre
  6423 | D:9      | Reached skill level 8 in Fighting
  6468 | D:9      | Reached XP level 11. HP: 82/87 MP: 15/15
  6817 | D:9      | Found a staircase to the Lair.
  7012 | D:9      | Found a runed translucent gate.
  7013 | D:9      | Found a runed translucent gate.
  7013 | D:9      | Noticed Pikel
  7014 | D:9      | Noticed MagicSucks's ghost (novice NaWr)
  7024 | D:9      | Killed Pikel
  7025 | D:9      | Reached skill level 9 in Fighting
  7420 | D:9      | Found an ornate altar of the Wu Jian Council.
  7517 | D:9      | Found a runed translucent gate.
  8135 | D:8      | Found a white marble altar of Elyvilon.
  8213 | D:8      | Found a shimmering blue altar of Sif Muna.
  8315 | D:8      | Reached skill level 10 in Fighting
  8664 | D:8      | Got the Incunable of Nature
  8767 | Lair:1   | Entered Level 1 of the Lair of Beasts
  8941 | Lair:1   | Found a hide-covered altar of Uskayaw.
  8941 | Lair:1   | Found an ornate altar of the Wu Jian Council.
  8941 | Lair:1   | Noticed a boulder beetle
  8960 | Lair:1   | Killed a boulder beetle
  9104 | Lair:1   | Reached XP level 12. HP: 84/99 MP: 17/17
  9613 | Lair:1   | Reached skill level 11 in Fighting
  9863 | Lair:2   | Noticed a death yak
  9863 | Lair:2   | Noticed a death yak
  9885 | Lair:1   | Killed a death yak
  9990 | Lair:2   | Noticed a death yak
  9991 | Lair:2   | Noticed a death yak
 10011 | Lair:2   | Killed a death yak
 10012 | Lair:2   | Killed a death yak
 10018 | Lair:2   | Killed a death yak
 10020 | Lair:2   | Found a staircase to the Shoals.
 10546 | Lair:2   | Noticed a skyshark
 10557 | Lair:2   | Killed a skyshark
 10558 | Lair:2   | Reached skill level 12 in Fighting
 10735 | Lair:2   | Reached XP level 13. HP: 76/108 MP: 18/18
 11514 | Lair:3   | Found a hole to the Spider Nest.
 11715 | Lair:3   | Noticed a dire elephant
 11736 | Lair:3   | Reached ****** piety under Uskayaw
 11815 | Lair:3   | Killed a dire elephant
 11824 | Lair:3   | Reached skill level 5 in Stealth
 12335 | Lair:4   | Reached skill level 5 in Dodging
 12382 | Lair:4   | Reached skill level 13 in Fighting
 12639 | Lair:4   | Noticed Josephine
 13020 | Lair:4   | Killed Josephine
 13021 | Lair:4   | Reached skill level 15 in Axes
 13762 | Lair:5   | Entered Level 5 of the Lair of Beasts
 13776 | Lair:5   | Found a viscous altar of Jiyva.
 13777 | Lair:5   | Found a staircase to the Slime Pits.
 14092 | Lair:5   | Identified the +2 robe of Soft Rains {*Corrode rElec rPois}
 14110 | Lair:5   | Reached XP level 14. HP: 95/118 MP: 20/20
 14133 | Lair:5   | Reached skill level 5 in Evocations
 14134 | Lair:5   | Acquired a N-50 turbomodule {rElec rC+ Regen+ RegenMP+}
 14337 | Lair:5   | Reached skill level 14 in Fighting
 14421 | Lair:5   | Found a frozen archway.
 14442 | IceCv    | Entered an ice cave
 14922 | IceCv    | Noticed a frost giant
 14936 | IceCv    | Killed a frost giant
 15445 | Lair:5   | Identified the +3 great mace of Vaafre {flame, rPois Str+2}
 16181 | D:10     | Entered Level 10 of the Dungeon
 16202 | D:10     | Reached XP level 15. HP: 127/127 MP: 22/22
 16326 | D:10     | Found a runed translucent gate.
 16326 | D:10     | Found a runed translucent gate.
 16326 | D:10     | Found a runed translucent gate.
 16326 | D:10     | Noticed Tenar's ghost (journeyman CoBe)
 16397 | D:10     | Identified the +9 war axe of Ystiosiyh {drain, *Slow rElec
                  | Will- Str+9}
 16831 | D:10     | Killed Tenar's ghost
 16853 | D:10     | Identified the +8 lajatang "Huxie" {freeze, Int+2}
 16973 | D:10     | Found a glowing golden altar of the Shining One.
 17204 | D:11     | Found a roughly hewn altar of Beogh.
 17204 | D:11     | Found a staircase to the Orcish Mines.
 17214 | D:11     | Reached skill level 10 in Invocations
 17308 | D:11     | Found a gate leading to a gauntlet.
 17321 | Gauntlet | Entered a Gauntlet
 17321 | Gauntlet | Found a transporter.
 17321 | Gauntlet | Found a transporter.
 17339 | Gauntlet | Found a transporter.
 17341 | Gauntlet | Found a transporter.
 17351 | Gauntlet | Found a transporter.
 17372 | Gauntlet | Found a transporter.
 17381 | Gauntlet | Found a transporter.
 17388 | Gauntlet | Found a transporter.
 17392 | Gauntlet | Found a large runed translucent door.
 17392 | Gauntlet | Found a large runed translucent door.
 17393 | Gauntlet | Found a large runed translucent door.
 17393 | Gauntlet | Found a large runed translucent door.
 17394 | Gauntlet | Found a large runed translucent door.
 17394 | Gauntlet | Found a large runed translucent door.
 17394 | Gauntlet | Found a large runed translucent door.
 17394 | Gauntlet | Found a large runed translucent door.
 17427 | Gauntlet | Found a runed translucent gate.
 17428 | Gauntlet | Found a transporter.
 17428 | Gauntlet | Found a runed translucent gate.
 17429 | Gauntlet | Found a runed translucent gate.
 17430 | Gauntlet | Found a large runed translucent door.
 17430 | Gauntlet | Found a large runed translucent door.
 17431 | Gauntlet | Found a large runed translucent door.
 17432 | Gauntlet | Found a large runed translucent door.
 17441 | Gauntlet | Found a large runed translucent door.
 17441 | Gauntlet | Found a large runed translucent door.
 17441 | Gauntlet | Found a runed translucent door.
 17441 | Gauntlet | Found a runed translucent door.
 17442 | Gauntlet | Found a large runed translucent door.
 17443 | Gauntlet | Found a large runed translucent door.
 17445 | Gauntlet | Found a transporter.
 17455 | Gauntlet | Found a transporter.
 17474 | Gauntlet | Found a transporter.
 17532 | Gauntlet | Identified the ring "Wehek" {Fire rElec Int+2}
 17596 | Gauntlet | Reached skill level 15 in Fighting
 17596 | Gauntlet | Identified the +1 scale mail of the Salmon {Harm rElec rN+}
 17596 | Gauntlet | Identified the ring of Sirumme {rPois rN+}
 17597 | Gauntlet | Got Sif Muna's Folio of Airborne Topology
 18408 | D:12     | Found a hide-covered altar of Uskayaw.
 18770 | D:12     | Found a runed translucent gate.
 18771 | D:12     | Found a runed translucent gate.
 18771 | D:12     | Found a runed translucent gate.
 18774 | D:12     | Noticed Lanoc's ghost (journeyman TrSh)
 18874 | Orc:1    | Entered Level 1 of the Orcish Mines
 18983 | Orc:1    | You fall into a shaft and drop 1 floor!
 18983 | Orc:2    | Entered Level 2 of the Orcish Mines
 18983 | Orc:2    | Found Anapn's General Store.
 19008 | Orc:2    | Bought a lightning rod (4/4) for 520 gold pieces
 19019 | Orc:2    | Found Asusaabb's Jewellery Emporium.
 19142 | Orc:2    | Found a staircase to the Elven Halls.
 19290 | Orc:2    | Found Waujarit's Antique Armour Shop.
 19315 | Orc:2    | Noticed an orc warlord
 19439 | Orc:1    | Found a burning altar of Makhleb.
 19589 | Orc:2    | Paralysed by an orc sorcerer for 2 turns
 19593 | Orc:2    | Killed an orc warlord
 19719 | Orc:2    | Found Itreu's Antique Weapon Shoppe.
 20014 | Orc:2    | Bought a pair of brightly glowing boots for 294 gold pieces
 20014 | Orc:2    | Identified the +0 pair of boots of Context {rC+ Dex+4} (You
                  | bought it in a shop on level 2 of the Orcish Mines)
 20155 | D:9      | Killed MagicSucks's ghost
 20369 | D:13     | Noticed Sonja
 20371 | D:13     | Killed Sonja
 20511 | D:13     | Noticed Lodul
 20517 | D:13     | Killed Lodul
 20518 | D:13     | Reached XP level 16. HP: 124/136 MP: 24/24
 20780 | D:13     | Noticed Frances
 20786 | D:13     | Killed Frances
 20957 | D:13     | Found a gate to the Vaults.
 21427 | D:14     | Reached skill level 16 in Fighting
 21921 | D:14     | Found Digh's General Store.
 21927 | D:14     | Bought a potion of curing for 36 gold pieces
 21991 | D:14     | Found a broken altar of Ashenzari.
 22010 | D:15     | Entered Level 15 of the Dungeon
 22112 | D:15     | Noticed Azrael
 22122 | D:15     | Killed Azrael
 22252 | D:15     | Found a staircase to the Depths.
 22477 | D:15     | Noticed Louise
 22503 | D:15     | Killed Louise
 22874 | D:15     | Noticed Kirke
 22891 | D:15     | Killed Kirke
 23362 | Shoals:1 | Entered Level 1 of the Shoals
 23391 | Shoals:1 | Reached skill level 10 in Armour
 23537 | Shoals:4 | Entered Level 4 of the Shoals
 23677 | Shoals:4 | Paralysed by an air elemental for 1 turns
 23683 | Shoals:4 | Paralysed by an air elemental for 1 turns
 23858 | Shoals:4 | Reached skill level 17 in Fighting
 23858 | Shoals:4 | Reached XP level 17. HP: 147/147 MP: 26/26
 23967 | Shoals:4 | Found a stormy altar of Qazlal.
 24224 | Shoals:4 | Paralysed by an air elemental for 1 turns
 24448 | Shoals:4 | Found a blossoming altar of Fedhas.
 24701 | Shoals:4 | Identified the +2 war axe "Earthworm" {vamp, *Noise rF++
                  | rC+ rCorr}
 24723 | Shoals:4 | Identified the ring "Luungopt" {rN+ Dex+5}
 24780 | Shoals:4 | Got an azure gem with 410 turns to spare
 24782 | Shoals:4 | Got a barnacled rune of Zot
 25258 | Vaults:1 | Entered Level 1 of the Vaults
 25751 | Vaults:1 | Reached skill level 18 in Fighting
 26063 | Vaults:1 | Found a glowing silver altar of Zin.
 26209 | Vaults:1 | Reached XP level 18. HP: 149/156 MP: 28/28
 26600 | Vaults:1 | Paralysed by a sphinx for 5 turns
 27201 | Vaults:2 | Noticed Jory
 27214 | Vaults:2 | Killed Jory
 27649 | Vaults:2 | Reached skill level 19 in Fighting
 27649 | Vaults:2 | Noticed a searing wretch
 27650 | Vaults:2 | Noticed Margery
 27800 | Vaults:2 | Found Vieli's Jewellery Emporium.
 27928 | Vaults:2 | Found a staircase to the Crypt.
 27928 | Vaults:2 | Found a basalt altar of Yredelemnul.
 27928 | Vaults:2 | Found an ancient bone altar of Kikubaaqudgha.
 28062 | Vaults:2 | Identified the +10 triple crossbow of Indignation {heavy,
                  | Dex+4}
 28154 | Vaults:2 | Killed Margery
 28164 | Vaults:2 | Killed a searing wretch
 28647 | Vaults:3 | Identified the +0 leather armour of the Treeataur {rPois
                  | rF+ Int-2}
 28708 | Vaults:3 | Paralysed by a formless jellyfish for 1 turns
 28880 | Vaults:3 | Reached skill level 15 in Invocations
 28881 | Vaults:3 | Reached XP level 19. HP: 130/167 MP: 30/30
 28989 | Vaults:3 | Noticed Zenata
 29026 | Vaults:3 | Killed Zenata
 29298 | Vaults:3 | Found the +9 sword of Power {lifebolt}
 29312 | Vaults:3 | Reached skill level 20 in Fighting
 29782 | Vaults:4 | Found a flickering gateway to a bazaar.
 29799 | Bazaar   | Entered a bazaar
 29799 | Bazaar   | Found Ohewk's Jewellery Shop.
 29799 | Bazaar   | Found Cient's General Store.
 29799 | Bazaar   | Found Riczoq's Magic Scroll Shop.
 29799 | Bazaar   | Found Salu's General Store.
 29801 | Bazaar   | Found Funtut's Jewellery Boutique.
 29801 | Bazaar   | Found Qarasi Iceurgh's Weapon Shoppe.
 29828 | Bazaar   | Bought a scroll of enchant armour for 120 gold pieces
 29828 | Bazaar   | Bought a scroll of enchant armour for 120 gold pieces
 29828 | Bazaar   | Bought a scroll of blinking for 120 gold pieces
 29828 | Bazaar   | Bought a scroll of teleportation for 48 gold pieces
 29836 | Bazaar   | Bought a +0 pair of boots of stealth for 172 gold pieces
 29836 | Bazaar   | Bought a scroll of immolation for 60 gold pieces
 30170 | Vaults:4 | Reached skill level 5 in Throwing
 30248 | Vaults:4 | Paralysed by a formless jellyfish for 1 turns
 30256 | Vaults:4 | Paralysed by a formless jellyfish for 1 turns
 30525 | Vaults:4 | Reached XP level 20. HP: 172/178 MP: 32/32
 31018 | Vaults:4 | Reached skill level 21 in Fighting
 31266 | Vaults:5 | Entered Level 5 of the Vaults
 31322 | Vaults:5 | Identified the orb "Hero's Friend" {*channel, ^Drain rF-
                  | Necro Tloc}
 31322 | Vaults:5 | Noticed Frederick
 31675 | Elf:1    | Entered Level 1 of the Elven Halls
 31675 | Elf:1    | Found a radiant altar of Vehumet.
 31717 | Elf:1    | Gained mutation: Your health recovers twice as slowly from
                  | being drained. [a neqoxec]
 31769 | Elf:2    | Identified the +4 kite shield of the Flute {rCorr Stlth+}
 31948 | Elf:3    | Entered Level 3 of the Elven Halls
 32052 | Elf:3    | Identified the +2 quarterstaff of Mauhaejy {freeze, rCorr
                  | Str+4 Dex+2 SInv}
 32064 | Elf:3    | Noticed a Brimstone Fiend
 32221 | Elf:3    | Reached skill level 22 in Fighting
 32392 | Elf:3    | Reached XP level 21. HP: 161/189 MP: 33/33
 32473 | Elf:3    | Learned a level 2 spell: Blink
 32476 | Elf:3    | Learned a level 2 spell: Lesser Beckoning
 32496 | Elf:3    | Identified the amulet "Uckigeh" {Spirit rElec rF+}
 32674 | Elf:3    | Identified the +8 war axe of Shrieking Terror {flame, rF++
                  | rCorr}
 32674 | Elf:3    | Identified the amulet of Gokkynt {Acrobat Harm rElec Dex+2}
 32753 | Elf:3    | Identified the +6 hand axe of Wounding {heavy, rN+ Str+3
                  | Int+3 SInv}
 32792 | Elf:3    | Got a shimmering gem with 726 turns to spare
 32794 | Elf:3    | Identified the staff of Dysabo {rN+ Str+5 SInv Earth}
 32842 | Elf:3    | Identified the staff "Spiderslayer" {*Slow rN++ Dex+2 Fire
                  | Earth}
 32844 | Elf:3    | Identified the amulet "Fesch" {Spirit rElec rF- rC+ Int+4}
 32851 | Elf:3    | Identified the +3 short sword of the Girdle {elec, rC++}
 33100 | Elf:3    | Found Burudis's Distillery.
 33107 | Elf:3    | Bought a potion of heal wounds for 65 gold pieces
 33107 | Elf:3    | Bought a potion of magic for 104 gold pieces
 33109 | Elf:3    | Bought a potion of mutation for 104 gold pieces
 33109 | Elf:3    | Bought a potion of curing for 39 gold pieces
 33109 | Elf:3    | Bought a potion of curing for 39 gold pieces
 33109 | Elf:3    | Bought 2 potions of curing for 78 gold pieces
 33109 | Elf:3    | Bought 2 potions of enlightenment for 130 gold pieces
 33366 | Elf:3    | Noticed Nikola
 33377 | Elf:3    | Killed Nikola
 33408 | Elf:3    | Found a portal to a secret trove of treasure.
 33715 | Elf:2    | Found Maonut's Assorted Antiques.
 33961 | Elf:2    | Found Naptig's Antique Weapon Shoppe.
 34115 | Elf:2    | Found a runed translucent gate.
 34115 | Elf:2    | Found a runed translucent gate.
 34116 | Elf:2    | Found a runed translucent gate.
 34422 | Elf:2    | Slain by a +2 heavy halberd

Illustrated notes

Levels and vault maps discovered:
D:1:      minmay_arrival_four_houses, layout_basic, ebering_ecumenical_altar_box
D:2:      layout_loops_ring, serial_shops, nicolae_shop_stone, shop, shop,
          nicolae_book_shop_shelving, shop, minmay_misc_feat_tower
D:3:      layout_basic, mainiacjoe_overflow_small_starburst,
          mainiacjoe_overflow_big_doors, minmay_bisected
D:4:      layout_cave_pools
D:5:      layout_rooms, old_standard_altar, general_overflow_altar,
          kennysheep_mini_moat, serial_shops, nicolae_shop_bloodbath_and_beyond,
          nicolae_shop_window_shopping, shop, shop, uniq_crazy_yiuf_cottage,
          uniq_sigmund, uniq_menkaure
D:6:      layout_basic, mainiacjoe_overflow_alcove_2,
          nicolae_overflow_two_pavilions, minmay_temple_entry_purple_smoke,
          kennysheep_windowed_goal, uniq_jeremiah
D:7:      minmay_the_grid_triangle_9x9_rhombus_thin
          [minmay_the_grid_triangle_9x9_windchime,
          minmay_the_grid_triangle_9x9_prize_center,
          minmay_the_grid_triangle_9x9_descending_squares,
          minmay_the_grid_triangle_9x9_shrine], layout_loops_ring,
          water_maze_lemuel
D:8:      layout_basic, mainiacjoe_overflow_alcove_4,
          mainiacjoe_overflow_large_starburst, introduction_to_nature_1
D:9:      layout_basic, lemuel_coloured_pillars_altar,
          erik_lair_orcish_takeover, gammafunk_ghost_nasty_kobolds,
          minmay_quadrilaterals, uniq_pikel
D:10:     layout_stronghold, mainiacjoe_overflow_brackets,
          gammafunk_ghost_hydra_chop, minmay_between
D:11:     layout_basic, david_orc_5, gauntlet_entry_generic
D:12:     layout_rooms, gammafunk_ghost_spectres, nicolae_uskayaw_dance_hall
D:13:     layout_basic, david_vaults_5, nicolae_the_louvre, uniq_frances,
          uniq_sonja, uniq_lodul
D:14:     layout_roguey, serial_shops, nicolae_shop_statue_plus,
          lemuel_round_altar
D:15:     hangedman_depths_entry_try_elsewhere_first, layout_basic,
          serial_corexii_hall, chequers_hall_statues_y, corexii_hall_statues_u,
          corexii_hall_statues_deadend, chequers_hall_statues_wall_a,
          uniq_louise, uniq_kirke, uniq_azrael
Temple:   nicolae_temple_colour_theory
Lair:1:   layout_long_grid, nzn_masters_of_martial_movement, grunt_megastairs_1
Lair:2:   layout_long_grid, minmay_shoals_entry_beasts
Lair:3:   mu_elephants_graveyard, layout_small_grid, dummy_spider_entry
Lair:4:   layout_roguey, infiniplex_staircase_pool_2, grunt_megastairs_2,
          uniq_josephine
Lair:5:   minmay_lair_end_enchanted_forest, layout_regular_city,
          minmay_slime_entry_oklob_open, portal_ice_cave_entry_pillars_2
Shoals:1: layout_shoals
Shoals:2: layout_shoals, uniq_ilsuiw, uniq_polyphemus
Shoals:3: layout_shoals, st_shoals_ruin
Shoals:4: shoals_end_hellmonk_storm_palace [storm_palace_center_square,
          storm_palace_corner_altar, storm_palace_corner_altar,
          storm_palace_corner_pillars, storm_palace_corner_reverse_hut]
Orc:1:    layout_caves, basic_altar, library_closet
Orc:2:    grunt_orc_gardens, layout_diamond_mine, grunt_orc_garden,
          grunt_orc_garden, grunt_orc_garden, grunt_orc_garden
Elf:1:    layout_gridlike, serial_aquarium, aquarium_bridge_straight
          [aquarium_subvault_bridge, aquarium_subvault_window,
          aquarium_subvault_bridge, aquarium_subvault_wall],
          aquarium_bridge_long_joined [aquarium_subvault_window,
          aquarium_subvault_bridge, aquarium_subvault_window,
          aquarium_subvault_balcony, aquarium_subvault_bridge,
          aquarium_subvault_wall], aquarium_window_2, aquarium_window_corner,
          aquarium_view_2e, aquarium_view_2g, aquarium_balcony_1a,
          aquarium_pool_side, basic_altar, nicolae_elf_shapeshifter_party,
          evilmike_minifort
Elf:2:    elven_hall_of_blades_hangedman_original
          [nicolae_blade_entry_crossed_weapons], layout_geoelf_octagon,
          serial_shops, nicolae_shop_trees, nicolae_stop_n_shop_2
Elf:3:    grunt_elf_hall_diamonds, layout_onion_city,
          nicolae_trove_entry_crystal, minmay_shop_star, uniq_nikola
Vaults:1: v_pattern_3, nicolae_vaults_triangles, nicolae_vaults_mitosis,
          lemuel_angel_altar, vaults_dpeg_encased_lava, v_alt_pattern_1,
          nicolae_vaults_trapezoid_lopsided_2, hangedman_vaults_slice,
          serial_ice_g, nicolae_vaults_murderbox, nicolae_vaults_weapon_check,
          ontoclasm_vaults_chip, layout_vaults_ring
Vaults:2: vaults_room_corners, minmay_crypt_entry_necro_gods, v_misc_13,
          nicolae_vaults_circle_grid_a, nicolae_vaults_stairing_the_circle,
          hangedman_vaults_stream, nicolae_vaults_tetromino_L_1,
          nicolae_vaults_yaktaur_gun_rack, v_pattern_5, dpeg_vaults_monster_row,
          nicolae_vaults_bisected_slash, vaults_dpeg_hooks,
          nicolae_vaults_house_1, vaults_room_hallway,
          layout_vaults_chaotic_city, serial_shops, nicolae_square_shop,
          uniq_margery, uniq_jory
Vaults:3: lightli_orcish_oven, nicolae_vaults_storage_room_water,
          nicolae_vaults_tangram_1, nicolae_vaults_house_3,
          nicolae_vaults_alarming, nicolae_vaults_mini_display_case, v_misc_1,
          nicolae_vaults_closet_pinwheel_2, nicolae_vaults_more_shelving_2,
          vaults_room_stairs_pillars, nicolae_vaults_tangram_2,
          vaults_mumra_chevron, nicolae_vaults_little_squares_4,
          minmay_guarded_unrand_sword_of_power, layout_vaults_maze, uniq_zenata
Vaults:4: nicolae_vaults_tetromino_T_2, nicolae_vaults_big_ls,
          nicolae_vaults_heist, nicolae_vaults_offset_grid_hallway_4,
          nicolae_vaults_branching_niches, grunt_vaults_twisty,
          grunt_vaults_hallway_short, vaults_mumra_minichess,
          layout_vaults_omnigrid, serial_shops, bzr_entry_safe
Vaults:5: uniq_frederick

Skill      XL: |  1  2  3  4  5  6  7  8  9 10 11 12 13 14 15 16 17 18 19 20 21 |
---------------+----------------------------------------------------------------+-----
Stealth        | 1 2 4 5 |  5.0
Axes           | 4 5 6 7 10 11 13 14 15 16 18 | 18.0
Fighting       | 3 4 5 7 8 10 12 13 14 15 17 18 19 20 22 | 22.4
Armour         | 1 2 3 4 5 6 7 8 10 11 12 13 | 13.3
Invocations    | 1 2 3 5 7 8 9 10 12 13 15 16 17 | 17.8
Evocations     | 2 4 5 |  5.0
Dodging        | 4 5 6 |  6.9
Throwing       | 6 |  6.0

Action                     |  1- 3 |  4- 6 |  7- 9 | 10-12 | 13-15 | 16-18 | 19-21 || total
---------------------------+-------+-------+-------+-------+-------+-------+-------++-------
  Melee: War axe           |   118 |    57 |   105 |       |   176 |   963 |  1032 ||  2451
         Dagger            |    17 |       |       |       |       |       |       ||    17
         Whip              |    23 |       |       |       |       |       |       ||    23
         Hand axe          |       |       |   127 |   377 |   392 |       |    16 ||   912
         Trident           |       |       |    95 |   421 |   135 |       |       ||   651
         Broad axe         |       |       |       |       |   692 |   286 |       ||   978
         Unarmed           |       |       |       |       |       |    13 |       ||    13
  Throw: Throwing net      |       |     1 |     2 |       |     1 |       |       ||     4
         Javelin           |       |     1 |     3 |       |     2 |     1 |     2 ||     9
         Dart              |       |       |     1 |     9 |    34 |    34 |    10 ||    88
 Invoke: Line Pass         |       |       |     1 |       |       |     1 |       ||     2
         Grand Finale      |       |       |       |     1 |     3 |     1 |     7 ||    12
Ability: Invent Gizmo      |       |       |       |       |     1 |       |       ||     1
  Evoke: Wand              |       |       |     5 |     5 |     9 |     5 |    10 ||    34
         Tin of tremorston |       |       |       |     2 |     4 |     4 |     3 ||    13
         Lightning rod     |       |       |       |       |     2 |     8 |     8 ||    18
         Box of beasts     |       |       |       |       |     1 |       |     2 ||     3
    Use: Potion            |       |     2 |     7 |     1 |     4 |     6 |    12 ||    32
         Scroll            |       |     1 |     6 |     8 |     4 |    11 |     8 ||    38
   Stab: Sleeping          |     2 |       |     4 |     1 |     4 |       |       ||    11
         Paralysed         |       |     6 |     8 |    81 |   142 |   136 |   156 ||   529
         Confused          |       |       |     1 |       |       |     1 |       ||     2
         Held in net/web   |       |       |     1 |       |       |       |       ||     1
         Invisible         |       |       |       |       |     6 |       |     2 ||     8
 Armour: Leather armour    |    32 |       |       |       |       |       |       ||    32
         Ring mail         |    23 |    23 |   135 |   360 |   406 |       |       ||   947
         Plate armour      |       |       |       |       |   137 |    14 |   534 ||   685
         Crystal plate arm |       |       |       |       |     2 |   653 |       ||   655
         Skin              |       |       |       |       |       |     5 |       ||     5
  Dodge: Dodged            |    74 |    18 |    69 |   200 |   309 |   160 |   163 ||   993
         Repelled          |       |       |       |       |       |     4 |    66 ||    70

Table legend: (Time is in decaauts)
 A = Elapsed time spent in this place.
 B = Non-inter-level travel time spent in this place.
 C = Inter-level travel time spent in this place.
 D = Time resting spent in this place.
 E = Time spent auto-exploring this place.
 F = Levels seen in this place.
 G = Mean time per level.
                   A        B        C        D        E       F      G
               +--------+--------+--------+--------+--------+-----+--------+
         Total |  33957 |  31562 |   2395 |   5142 |  16764 |  38 |  893.6 |
       Dungeon |  14927 |  13544 |   1383 |   1938 |   8292 |  15 |  995.1 |
        Temple |      1 |      1 |      0 |      0 |      0 |   1 |    1.0 |
          Lair |   6663 |   6373 |    290 |   1465 |   3292 |   5 | 1332.6 |
        Shoals |   1668 |   1456 |    212 |    402 |    160 |   4 |  417.0 |
  Orcish Mines |   1204 |   1073 |    131 |     70 |    607 |   2 |  602.0 |
   Elven Halls |   2670 |   2646 |     24 |    450 |   1026 |   3 |  890.0 |
        Vaults |   5829 |   5476 |    353 |    672 |   3061 |   5 | 1165.8 |
        Bazaar |     48 |     48 |      0 |      0 |     17 |   1 |   48.0 |
      Ice Cave |    643 |    643 |      0 |    124 |    208 |   1 |  643.0 |
      Gauntlet |    300 |    300 |      0 |     19 |    100 |   1 |  300.0 |
               +--------+--------+--------+--------+--------+-----+--------+

Top non-repeatable levels by time:
     D:9: 1872 daAuts
Vaults:2: 1626 daAuts
  Lair:4: 1563 daAuts
Vaults:4: 1527 daAuts
   Elf:3: 1477 daAuts
Shoals:4: 1460 daAuts
     D:7: 1420 daAuts
Vaults:1: 1377 daAuts
  Lair:5: 1333 daAuts
  Lair:3: 1328 daAuts
  Lair:2: 1288 daAuts
Vaults:3: 1261 daAuts
    D:13: 1227 daAuts
    D:15: 1203 daAuts
  Lair:1: 1148 daAuts
